 Dungeon Crawl Stone Soup version 0.19-a0-585-ge40200b (webtiles) character file.

75742 nubinia the Eclecticist (level 15, 0/78 HPs)
             Began as a Deep Elf Wizard on June 7, 2016.
             Was the Champion of Sif Muna.
             Shot with a bolt by a naga sharpshooter (15 damage)
             ... on level 1 of the Snake Pit on June 9, 2016.
             The game lasted 04:10:04 (30080 turns).

nubinia the Eclecticist (Deep Elf Wizard)          Turns: 30080, Time: 04:10:05

Health: 0/78       AC: 18    Str:  4    XL:     15   Next: 10%
Magic:  9/45       EV: 19    Int: 29    God:    Sif Muna [******]
Gold:   1735       SH: 11    Dex: 20    Spells: 13 memorised, 3 levels left

rFire  . . .     SeeInvis .     c - +11 demon blade of Kokh {drain, rPois Dex+3}
rCold  . . .     Gourm    .     h - +2 robe {Archmagi}
rNeg   . . .     Faith    .     S - +2 shield {AC+3}
rPois  +         Spirit   .     a - +2 helmet {Int+3}
rElec  .         Dismiss  .     o - +1 cloak "Diron" {rCorr MP+9}
rCorr  +         Reflect  .     j - +2 pair of gloves {archery}
SustAt .         Harm     .     J - +0 pair of boots
MR     +....                    K - amulet of magic regeneration
Stlth  +++++.....               U - +1 ring of evasion
                                v - +3 ring of slaying

@: deflect missiles, somewhat resistant to hostile enchantments, quite stealthy
A: slimy green scales 1, blurry vision 1
a: Channel Energy, Forget Spell, Renounce Religion


You were on level 1 of the Snake Pit.
You worshipped Sif Muna.
Sif Muna was exalted by your worship.
You were not hungry.

You visited 5 branches of the dungeon, and saw 23 of its levels.
You also visited: Labyrinth, Ossuary, Ice Cave and Volcano.

You collected 1802 gold pieces.
You spent 67 gold pieces at shops.

Inventory:

Hand Weapons
 c - the +11 demon blade of Kokh (weapon) {drain, rPois Dex+3}
   (You found it in an ice cave)

   A truly terrible weapon, it drains the life of those it strikes.
   It affects your dexterity (+3).
   It protects you from poison.
 B - a +4 dagger of flaming
Armour
 a - a +2 helmet of intelligence (worn)
 h - a +2 robe of the Archmagi (worn)
 j - a +2 pair of gloves of archery (worn)
 o - the +1 cloak "Diron" (worn) {rCorr MP+9}
   (You acquired it on level 1 of the Snake Pit)

   It affects your magic capacity (+9).
   It protects you from acid and corrosion.
 J - a +0 pair of boots (worn)
 P - the +0 cloak "Avvuytutas" {Dex+4}
   (You found it on level 8 of the Lair of Beasts)

   It affects your dexterity (+4).
 S - a +2 shield of protection (worn)
 X - the +0 pair of gloves of Qidieth {+Blink Regen+ Str+2 Stlth-}
   (You found it on level 8 of the Lair of Beasts)

   It affects your strength (+2).
   It lets you blink.
   It increases your rate of regeneration.
   It makes you less stealthy.
Magical Staves
 n - an uncursed staff of fire
 N - an uncursed staff of cold
Rods
 Q - a +7 rod of ignition (11/11)
   (You found it in a labyrinth)
Jewellery
 b - an uncursed ring of protection from fire
 d - an uncursed amulet of regeneration
 p - an uncursed ring of positive energy
 q - an uncursed ring of resist corrosion
 v - a +3 ring of slaying (left hand)
 y - an uncursed ring of flight
 C - the cursed ring "Giqunirch" {rF+ Int-4 Stlth+}
   (You took it off Kirke on level 8 of the Lair of Beasts)

   [ring of intelligence]

   It affects your intelligence (-4).
   It protects you from fire.
   It makes you more stealthy.
   It has a curse placed upon it.
 K - an amulet of magic regeneration (around neck)
 U - a +1 ring of evasion (right hand)
 V - an uncursed ring of positive energy
Wands
 u - a wand of iceblast (6/15)
 A - a wand of disintegration (6/24)
 D - a wand of iceblast (5/15)
 M - a wand of confusion (25/48)
 T - a wand of teleportation (7/9)
 W - a wand of disintegration (12/24)
 Y - a wand of lightning (3/15)
Scrolls
 f - a scroll of fear
 i - 8 scrolls of remove curse
 l - a scroll of magic mapping
 m - 9 scrolls of enchant weapon
 s - 3 scrolls of teleportation
 E - a scroll of enchant armour
 F - a scroll of amnesia
 O - 2 scrolls of blinking
Potions
 e - 8 potions of heal wounds
 g - a potion of flight
 r - 9 potions of curing
 t - 5 potions of agility
 w - a potion of haste
 x - a potion of might
 H - 2 potions of brilliance
 R - a potion of ambrosia
Miscellaneous
 k - a phial of floods
Comestibles
 z - 44 fruits
 G - an inedible chunk of flesh


   Skills:
 + Level 3.5 Fighting
 + Level 3.6(3.9) Short Blades
 + Level 1.7(2.8) Long Blades
 + Level 9.5 Dodging
 + Level 10.1 Stealth
 + Level 5.0 Shields
 + Level 15.8 Spellcasting
 + Level 13.5 Conjurations
 + Level 7.1 Hexes
 + Level 14.2 Charms
   Level 1.1 Summonings
 + Level 4.3 Necromancy
 + Level 3.2 Translocations
 + Level 4.5 Fire Magic
 + Level 4.2 Air Magic
 - Level 3.1 Poison Magic
 + Level 6.5 Invocations
 + Level 1.4 Evocations


You had 3 spell levels left.
You knew the following spells:

 Your Spells              Type           Power        Failure   Level  Hunger
a - Magic Dart            Conj           ####         1%          1    None
b - Blink                 Tloc           N/A          3%          2    None
c - Mephitic Cloud        Conj/Pois/Air  #######.     1%          3    None
d - Conjure Flame         Conj/Fire      #######.     1%          3    None
e - Deflect Missiles      Chrm/Air       #######...   28%         6    ###....
f - Force Lance           Conj/Tloc      #######.     2%          4    None
g - Shroud of Golubria    Chrm/Tloc      #######...   1%          2    None
h - Gell's Gravitas       Hex/Tloc       ######....   2%          3    None
i - Lightning Bolt        Conj/Air       #######...   8%          5    None
j - Fireball              Conj/Fire      #######...   8%          5    None
F - Cause Fear            Hex            #######...   4%          4    None
R - Regeneration          Chrm/Necr      #######...   1%          3    None
S - Animate Skeleton      Necr           N/A          1%          1    None


Dungeon Overview and Level Annotations

Branches:
Dungeon (10/15)            Temple (1/1) D:6            Lair (8/8) D:8
 Shoals (0/4) Lair:3        Snake (2/4) Lair:5        Slime (0/6) Lair:7
    Orc (2/2) D:9             Elf (0/3) Orc:2

Altars:
Ashenzari
Cheibriados
Dithmenos
Elyvilon
Fedhas
Gozag
Hepliaklqana
Kikubaaqudgha
Makhleb
Nemelex Xobeh
Okawaru
Pakellas
Qazlal
Ru
Sif Muna
Trog
Uskayaw
Vehumet
Xom
Yredelemnul
Zin
The Shining One
Beogh

Shops:
D:8 [

Annotations:
D:10 exclusion: wraith
Snake:1 exclusion: Roxanne, Roxanne
Orc:1 exclusion: stone giant


Innate Abilities, Weirdness & Mutations

You are partially covered in slimy green scales. (AC +2)
Scrolls take you a little longer to read.


Message History

* * * LOW HITPOINT WARNING * * *
The naga warrior constricts you.
The naga sharpshooter casts a spell.
The naga sharpshooter magically shoots a bolt.
You block the bolt.
You see here 2 bolts.
Casting: Force Lance
Confirm with . or Enter, or press ? or * to list all spells.
Aiming: Force Lance
Press: ? - help, Shift-Dir - straight line, f - naga warrior
Aim: a naga warrior, wielding a war axe and wearing a shield (lightly wounded, constricting you)
You feel a surge of power!
The lance of force hits the naga warrior.
The naga warrior is moderately wounded.
The naga warrior loses its grip on you.
The naga warrior is knocked back by the lance of force.
The naga warrior slams into the rock wall!
The naga sharpshooter shoots a bolt.
The bolt misses you.
The naga sharpshooter shoots a bolt.
The bolt hits you!
You die...

#..##.# #.###.#
#.# #.# ##.#
#.# ###(.###.#
#......#.####
#.N....#....##
#.>(...#.....##
###N@##.......#
##.##.).....#
#..#.......#
##........##
####.....##
#.......#
#.......#
#.......#
##.....##


You could see a naga warrior and a naga sharpshooter.

Vanquished Creatures
  Rupert (Lair:6)
  Kirke (Lair:8)
  A greater naga (Snake:1)
  Nessos (Lair:5)
  A minotaur (Lab)
  12 hydras
  A naga warrior (Snake:1)
  3 anacondas
  Erica (Lair:1)
  2 naga sharpshooters (Snake:1)
  7 death yaks (Lair:7)
  A shock serpent (Snake:1)
  Pikel (D:4)
  4 naga ritualists
  3 oklob plants
  5 mana vipers
  2 griffons
  A salamander (Snake:1)
  2 naga magi (Snake:1)
  23 black mambas
  8 elephants
  2 ice statues (IceCv)
  11 spiny frogs
  2 torpor snails
  4 rime drakes
  An efreet (D:9)
  5 komodo dragons
  9 ice devils (IceCv)
  4 polar bears
  2 trolls
  A two-headed ogre (Orc:2)
  2 slime creatures
  2 boulder beetles
  A snapping turtle (Lair:3)
  3 blink frogs (Lair:8)
  A wyvern (Lair:3)
  58 yaks
  7 hogs
  6 basilisks
  3 fire elementals (Volcano)
  3 humans (Lair:7)
  6 hippogriffs
  2 steam dragons (Lair:4)
  7 nagas
  A warg (D:9)
  A soldier ant (D:9)
  14 water moccasins
  2 ice beasts
  12 porcupines
  6 sky beasts
  A slave (D:4)
  A black bear (Lair:2)
  13 orc warriors
  A phantom (D:7)
  4 centaurs
  12 ogres
  11 crocodiles
  2 elf zombies (Ossuary)
  A gnoll sergeant (D:9)
  11 giant frogs
  A scorpion (D:7)
  A wyvern skeleton (D:7)
  3 howler monkeys (D:8)
  2 electric eels (Lair:7)
  4 crimson imps
  3 centaur zombies
  3 quasits
  A giant frog zombie (D:8)
  2 human zombies (Ossuary)
  3 jellies
  17 orc priests
  4 hounds
  A giant frog skeleton (D:8)
  Terence (D:3)
  9 iguanas
  15 orc wizards
  3 hell rats (Lair:6)
  9 worker ants
  18 sheep
  2 big kobold zombies (Ossuary)
  4 hound skeletons
  2 mummies (Ossuary)
  3 gnolls (D:9)
  13 adders
  40 river rats
  3 shadow imps
  18 white imps
  7 ufetubi (IceCv)
  An ooze (D:5)
  3 adder zombies
  A worm (D:4)
  3 adder skeletons
  3 dart slugs (D:2)
  2 giant geckos
  64 orcs
  11 giant cockroaches
  6 goblins
  9 hobgoblins
  8 jackals
  7 kobolds
  2 quokkas
  4 ball pythons
  9 bats
  6 giant newts
  8 hobgoblin zombies (Ossuary)
  A jackal skeleton (D:8)
  A jackal zombie (Ossuary)
  8 kobold zombies (Ossuary)
  10 orc zombies (Ossuary)
  14 rats
  A rat zombie (Ossuary)
  4 bushes (Lair:3)
  A fire vortex (Volcano)
  2 fungi (Lair:8)
  11 plants
708 creatures vanquished.

Vanquished Creatures (collateral kills)
  A salamander (Snake:1)
  2 naga magi (Snake:2)
  A wasp (D:9)
  A hell rat (Lair:6)
5 creatures vanquished.

Vanquished Creatures (others)
  A human (Lair:7)
  A naga (Snake:2)
  A soldier ant (D:9)
  A sheep (Lair:7)
  An adder (D:4)
  2 white imps (IceCv)
  2 ufetubi (IceCv)
  A fire vortex (Volcano)
  13 fungi
  7 plants
30 creatures vanquished.

Grand Total: 743 creatures vanquished

Notes
Turn   | Place    | Note
--------------------------------------------------------------
     0 | D:1      | nubinia the Deep Elf Wizard began the quest for the Orb.
     0 | D:1      | Reached XP level 1. HP: 10/10 MP: 7/7
     1 | D:1      | Noticed an electric eel
   175 | D:1      | Reached skill level 5 in Spellcasting
   203 | D:1      | Reached XP level 2. HP: 10/15 MP: 6/10
   294 | D:1      | Learned a level 2 spell: Blink
   297 | D:1      | Learned a level 2 spell: Repel Missiles
  1168 | D:2      | Reached XP level 3. HP: 19/19 MP: 7/11
  1229 | D:2      | Learned a level 3 spell: Mephitic Cloud
  1233 | D:2      | Learned a level 3 spell: Conjure Flame
  1750 | D:2      | Noticed Terence
  1920 | D:2      | Reached XP level 4. HP: 24/24 MP: 13/13
  2251 | D:3      | Found a sacrificial altar of Ru.
  2331 | D:3      | Noticed a sky beast
  2426 | D:3      | Noticed a centaur
  3027 | D:3      | Reached skill level 6 in Spellcasting
  3449 | D:3      | Found a stormy altar of Qazlal.
  3465 | D:3      | Killed a sky beast
  3465 | D:3      | Reached XP level 5. HP: 21/28 MP: 5/16
  3722 | D:4      | Noticed Pikel
  3722 | D:4      | Noticed a slave
  3722 | D:4      | Noticed a slave
  3733 | D:4      | Noticed a slave
  3739 | D:4      | Reached skill level 1 in Fighting
  3741 | D:4      | Noticed a slave
  3900 | D:4      | Found a glowing golden altar of the Shining One.
  3920 | D:4      | Noticed an ogre
  3927 | D:4      | Reached XP level 6. HP: 7/34 MP: 7/17
  4197 | D:4      | Reached skill level 7 in Spellcasting
  4605 | D:3      | Killed Terence
  5019 | D:4      | Reached XP level 7. HP: 38/38 MP: 16/19
  5174 | D:4      | Reached skill level 1 in Short Blades
  5209 | D:4      | Reached skill level 1 in Poison Magic
  5502 | D:4      | Killed Pikel
  5502 | D:4      | Reached skill level 5 in Stealth
  5502 | D:4      | Reached skill level 1 in Air Magic
  6070 | D:4      | Upgraded the game from 0.19-a0-526-gbe2e51c to 0.19-a0-559-ga3d69d0
  6211 | D:5      | Entered Level 5 of the Dungeon
  6261 | D:5      | Reached XP level 8. HP: 13/43 MP: 8/21
  6276 | D:5      | Reached skill level 8 in Spellcasting
  6750 | D:5      | Found a burning altar of Makhleb.
  7045 | D:5      | Found a stormy altar of Qazlal.
  7171 | D:6      | Found a sand-covered staircase.
  7182 | Ossuary  | Entered an ossuary
  7700 | Ossuary  | Reached skill level 5 in Dodging
  7840 | Ossuary  | Reached skill level 5 in Conjurations
  7850 | Ossuary  | Reached skill level 9 in Spellcasting
  7982 | D:6      | Found a staircase to the Ecumenical Temple.
  7986 | Temple   | Entered the Ecumenical Temple
  7990 | Temple   | Became a worshipper of Sif Muna the Loreminder
  8112 | D:6      | Reached XP level 9. HP: 48/48 MP: 10/24
  8223 | D:6      | Found a blossoming altar of Fedhas.
  8402 | D:6      | Learned a level 2 spell: Slow
  8928 | D:7      | Reached skill level 10 in Spellcasting
  8928 | D:7      | Reached skill level 1 in Hexes
  9109 | D:7      | Found a radiant altar of Vehumet.
  9109 | D:7      | Found a shattered altar of Ashenzari.
  9713 | D:7      | You fall through a shaft for 3 floors!
  9713 | D:10     | Entered Level 10 of the Dungeon
  9797 | D:10     | Reached * piety under Sif Muna
  9917 | D:9      | Noticed an efreet
  9953 | D:9      | Found a staircase to the Orcish Mines.
 10557 | D:8      | Found a bloodstained altar of Trog.
 10570 | D:8      | Found a bloodstained altar of Trog.
 10716 | D:8      | Found a hide-covered altar of Uskayaw.
 10907 | D:8      | Reached ** piety under Sif Muna
 10907 | D:8      | Reached skill level 11 in Spellcasting
 11017 | D:8      | Found Kapnuh's Armour Boutique.
 11029 | D:8      | Found a staircase to the Lair.
 11036 | D:8      | Bought a +0 pair of boots for 67 gold pieces
 11250 | D:8      | Reached skill level 1 in Invocations
 11575 | D:8      | Gained mutation: You are partially covered in slimy green scales. (AC +2) [potion of mutation]
 11575 | D:8      | Gained mutation: Scrolls take you a little longer to read. [potion of mutation]
 11606 | D:8      | Found a glowing silver altar of Zin.
 11606 | D:8      | Found an ancient bone altar of Kikubaaqudgha.
 11806 | D:8      | Reached XP level 10. HP: 53/53 MP: 20/27
 11835 | Lair:1   | Entered Level 1 of the Lair of Beasts
 11890 | Lair:1   | Noticed a spiny frog
 11968 | Lair:1   | Killed a spiny frog
 12070 | Lair:1   | Noticed Erica
 12097 | Lair:1   | Killed Erica
 12097 | Lair:1   | Reached skill level 1 in Fire Magic
 12254 | Lair:1   | Learned a level 4 spell: Cause Fear
 12331 | Lair:1   | Noticed a black mamba
 12336 | Lair:1   | Found a shimmering altar of Xom.
 12882 | Lair:1   | Reached *** piety under Sif Muna
 12882 | Lair:1   | Reached skill level 5 in Hexes
 12887 | Lair:1   | Learned a level 3 spell: Gell's Gravitas
 12946 | Lair:1   | Noticed a spiny frog
 13478 | Lair:2   | Found a labyrinth entrance.
 13487 | Lab      | Entered a labyrinth
 13622 | Lab      | Noticed a minotaur
 13688 | Lab      | Killed a minotaur
 13688 | Lab      | Reached skill level 12 in Spellcasting
 13741 | Lab      | Got a steaming chain mail
 13904 | Lair:2   | Found a dark tunnel.
 13915 | Volcano  | Entered a volcano
 14010 | Volcano  | Reached skill level 1 in Evocations
 14164 | Volcano  | Noticed a gargoyle
 14164 | Volcano  | Noticed a gargoyle
 14270 | Lair:2   | Reached XP level 11. HP: 48/58 MP: 12/29
 15363 | Lair:3   | Noticed a four-headed hydra
 15397 | Lair:3   | Reached **** piety under Sif Muna
 15522 | Lair:3   | Noticed a seven-headed hydra
 15601 | Lair:3   | Noticed an oklob plant
 15603 | Lair:3   | Noticed an oklob plant
 15716 | Lair:3   | Noticed an eight-headed hydra
 16554 | Lair:4   | Reached skill level 13 in Spellcasting
 17021 | Lair:4   | Found an ancient bone altar of Kikubaaqudgha.
 17044 | Lair:4   | Found a runed door.
 17453 | Lair:4   | Identified a +7 rod of ignition (11/11) (You found it in a labyrinth)
 17893 | Lair:5   | Reached ***** piety under Sif Muna
 17896 | Lair:5   | Noticed Nessos
 17897 | Lair:5   | Learned a level 2 spell: Shroud of Golubria
 17927 | Lair:4   | Learned a level 3 spell: Regeneration
 17983 | Lair:5   | Reached skill level 1 in Necromancy
 18065 | Lair:5   | Reached skill level 10 in Conjurations
 18069 | Lair:5   | Noticed a six-headed hydra
 18069 | Lair:5   | Found a staircase to the Snake Pit.
 18808 | Orc:1    | Entered Level 1 of the Orcish Mines
 19016 | D:9      | Found a hazy altar of Hepliaklqana.
 19203 | D:9      | Learned a level 5 spell: Lightning Bolt
 19209 | D:9      | Learned a level 5 spell: Fireball
 19438 | D:9      | Reached XP level 12. HP: 56/64 MP: 24/31
 19942 | Orc:1    | Found a roughly hewn altar of Beogh.
 19956 | Orc:1    | Noticed a stone giant
 19972 | Orc:1    | You fall through a shaft!
 19972 | Orc:2    | Entered Level 2 of the Orcish Mines
 20040 | Orc:2    | Noticed an orc high priest
 20040 | Orc:2    | Noticed an orc high priest
 20040 | Orc:2    | Noticed an orc high priest
 20135 | Orc:2    | Reached skill level 1 in Charms
 20394 | Orc:2    | Found a frozen archway.
 20468 | IceCv    | Entered an ice cave
 20698 | IceCv    | Reached skill level 14 in Spellcasting
 21593 | IceCv    | Got an iridescent demon blade
 21601 | IceCv    | Identified the +11 demon blade of Kokh {drain, rPois Dex+3} (You found it in an ice cave)
 21774 | Orc:2    | Found a staircase to the Elven Halls.
 21928 | Orc:2    | Reached ****** piety under Sif Muna
 21936 | Orc:2    | Received a gift from Sif Muna
 22161 | Lair:3   | Killed a four-headed hydra
 22370 | Lair:3   | Found a staircase to the Shoals.
 22783 | Lair:3   | Killed an eight-headed hydra
 23005 | Lair:4   | Noticed a six-headed hydra
 23010 | Lair:4   | Killed a six-headed hydra
 23010 | Lair:4   | Reached skill level 15 in Spellcasting
 23107 | Lair:5   | Killed a seven-headed hydra
 23118 | Lair:5   | Killed Nessos
 23698 | Lair:6   | Reached XP level 13. HP: 68/68 MP: 31/34
 23785 | Lair:6   | Noticed Kirke
 24010 | Lair:6   | Noticed Rupert
 24404 | Lair:6   | Found a burning altar of Makhleb.
 24528 | Lair:6   | Killed Rupert
 24528 | Lair:6   | Received a gift from Sif Muna
 24529 | Lair:6   | Identified Zire's Disquisition on Evil Battle Magic (Sif Muna gifted it to you on level 6 of the Lair of Beasts)
 24537 | Lair:6   | Learned a level 4 spell: Force Lance
 25060 | Lair:7   | Found a sacrificial altar of Ru.
 25319 | Lair:7   | Reached skill level 5 in Charms
 25825 | Lair:5   | Learned a level 6 spell: Deflect Missiles
 25995 | Lair:7   | Found a staircase to the Slime Pits.
 26003 | Lair:7   | Reached skill level 10 in Charms
 26400 | Lair:7   | Received a gift from Sif Muna
 26402 | Lair:7   | Identified Citurchi's Compendium of Execration and Damage Dealing (Sif Muna gifted it to you on level 7 of the Lair of Beasts)
 26485 | Lair:7   | Reached XP level 14. HP: 71/74 MP: 13/35
 26630 | Lair:8   | Entered Level 8 of the Lair of Beasts
 27003 | Lair:8   | Reached skill level 1 in Long Blades
 27393 | Lair:8   | Reached skill level 1 in Shields
 27476 | Lair:8   | Learned a level 1 spell: Animate Skeleton
 27955 | Lair:8   | Killed Kirke
 27957 | Lair:8   | Got a glittering tin ring
 27960 | Lair:8   | Identified the cursed ring "Giqunirch" {rF+ Int-4 Stlth+} (You took it off Kirke on level 8 of the Lair of Beasts)
 28014 | Lair:8   | Got an encrusted cloak
 28016 | Lair:8   | Got a pair of transparent gloves
 28026 | Lair:8   | Identified the +0 cloak "Avvuytutas" {Dex+4} (You found it on level 8 of the Lair of Beasts)
 28038 | Lair:8   | Identified the +0 pair of gloves of Qidieth {+Blink Regen+ Str+2 Stlth-} (You found it on level 8 of the Lair of Beasts)
 28415 | Lair:8   | Upgraded the game from 0.19-a0-559-ga3d69d0 to 0.19-a0-585-ge40200b
 28620 | Snake:1  | Entered Level 1 of the Snake Pit
 28650 | Lair:5   | Reached skill level 10 in Stealth
 28734 | Snake:1  | Noticed a greater naga
 28747 | Snake:1  | Killed a greater naga
 28816 | Snake:1  | Identified 2 scrolls of acquirement
 28816 | Snake:1  | Got an ichor-stained cloak
 28827 | Snake:1  | Identified the +1 cloak "Diron" {rCorr MP+9} (You acquired it on level 1 of the Snake Pit)
 28864 | Snake:1  | Reached skill level 5 in Invocations
 28967 | Snake:1  | Received a gift from Sif Muna
 28968 | Snake:1  | Identified Sif Muna's Catalogue of the Arsonist and Confrontation (Sif Muna gifted it to you on level 1 of the Snake Pit)
 29017 | Snake:1  | Noticed Roxanne
 29433 | Snake:1  | Reached skill level 5 in Shields
 29433 | Snake:1  | Reached XP level 15. HP: 53/78 MP: 20/36
 30080 | Snake:1  | Shot with a bolt by a naga sharpshooter

Vault maps used:
D:1:      arrival_aquarium_a
D:2:      uniq_terence
D:3:      nicolae_qazlal_eye_of_the_storm, nicolae_ru_awakened_eye
D:4:      first_bread, tso_metal_star, uniq_pikel
D:5:      basic_altar, bloody_makhleb
D:6:      minmay_temple_entry_glassed_door, basic_altar,
          chequers_ossuary_entry_cave
D:7:      gammafunk_temple_overflow_wave
D:8:      old_standard_altar, kennysheep_mini_moat,
          gammafunk_temple_overflow_elements, lair_0_dummy, basic_altar,
          serial_shops, shop
D:9:      overflow_temple_1_default, orc_0_dummy, hangedman_pestilent_swarm
Temple:   minmay_freezing_vapour_temple_12
Lair:1:   basic_altar, uniq_erica
Lair:2:   lightli_volcano_entry_magma_tube, lab_entry_generic,
          nicolae_lair_grove_arrangements, grunt_forest_large_clearings
Lair:3:   minmay_shoals_entry_hut, disabler_island
Lair:4:   basic_altar, pf_torpor_hydra, grunt_megastairs_3
Lair:5:   guppyfry_snake_entry_island, minivault_25, uniq_nessos
Lair:6:   kennysheep_abandoned_house, minmay_holes, lemuel_oklob_altar,
          uniq_kirke, uniq_rupert
Lair:7:   slaughterhouse, minmay_slime_entry_pillars, basic_altar
Lair:8:   due_jungle_book, grunt_forest_small_clearing_treed
Snake:1:  uniq_roxanne
Snake:2:  statue_in_the_mist_lemuel, st_stairs_12, lemuel_fruit_tree, uniq_aizul
Orc:1:    basic_altar, uniq_urug
Orc:2:    st_orc_elflike, portal_ice_cave_entry_imps
Lab:      labyrinth_mini_lab, labyrinth_fake_exit
Ossuary:  ossuary_tomb_1
IceCv:    ice_cave_small_demon
Volcano:  volcano_aerie

Skill      XL: |  1  2  3  4  5  6  7  8  9 10 11 12 13 14 15 |
---------------+----------------------------------------------+-----
Spellcasting   | 5 6 7 9 11 12 13 15 | 15.8
Dodging        | 3 4 5 6 7 9 |  9.5
Stealth        | 3 4 5 6 7 9 10 | 10.1
Conjurations   | 2 3 4 5 7 9 10 11 13 | 13.5
Fighting       | 1 2 3 |  3.5
Short Blades   | 1 2 3 |  3.6
Poison Magic   | 2 3 |  3.1
Air Magic      | 1 2 3 4 |  4.2
Hexes          | 4 6 7 |  7.1
Invocations    | 1 3 4 6 |  6.5
Fire Magic     | 1 3 4 |  4.5
Evocations     | 1 |  1.4
Necromancy     | 2 4 |  4.3
Translocations | 2 3 |  3.2
Charms         | 1 12 14 | 14.2
Long Blades    | 1 |  1.7
Shields        | 5 |  5.0
Summonings     | |  1.1

Action                   |  1- 3 |  4- 6 |  7- 9 | 10-12 | 13-15 || total
-------------------------+-------+-------+-------+-------+-------++-------
Melee: Short sword       |    11 |       |       |       |       ||    11
       Rapier            |     3 |    90 |   251 |    64 |       ||   408
       Dagger            |       |       |       |   581 |       ||   581
       Demon blade       |       |       |       |    50 |   423 ||   473
 Cast: Magic Dart        |    90 |   119 |   421 |   446 |   105 ||  1181
       Repel Missiles    |     1 |       |     1 |     2 |     1 ||     5
       Mephitic Cloud    |       |    19 |    60 |   118 |    85 ||   282
       Blink             |       |     3 |       |       |       ||     3
       Conjure Flame     |       |       |     4 |    21 |     2 ||    27
       Shroud of Golubri |       |       |       |    17 |    28 ||    45
       Cause Fear        |       |       |       |     9 |     5 ||    14
       Regeneration      |       |       |       |    11 |    12 ||    23
       Fireball          |       |       |       |    61 |    89 ||   150
       Lightning Bolt    |       |       |       |     3 |     1 ||     4
       Slow              |       |       |       |     1 |       ||     1
       Force Lance       |       |       |       |       |    89 ||    89
       Deflect Missiles  |       |       |       |       |     2 ||     2
       Animate Skeleton  |       |       |       |       |     9 ||     9
       Gell's Gravitas   |       |       |       |       |     1 ||     1
Invok: Channel Energy    |       |       |    14 |    33 |   121 ||   168
       Forget Spell      |       |       |       |       |     1 ||     1
 Abil: Evoke Flight      |       |       |     1 |     1 |       ||     2
Evoke: Wand              |       |       |     2 |    10 |     1 ||    13
       Rod               |       |       |       |     1 |     1 ||     2
       Phial of floods   |       |       |       |       |     1 ||     1
  Use: Scroll            |     4 |     4 |    13 |    11 |    13 ||    45
       Potion            |       |       |     2 |     4 |     3 ||     9
 Stab: Sleeping          |     3 |     4 |     5 |    13 |     6 ||    31
       Confused          |       |     8 |    17 |    64 |    45 ||   134
       Paralysed         |       |       |     3 |       |       ||     3
       Distracted        |       |       |     1 |       |     1 ||     2
       Invisible         |       |       |       |     3 |       ||     3
       Fleeing           |       |       |       |       |     1 ||     1
  Eat: Chunk             |     2 |    11 |    17 |    37 |    39 ||   106
       Beef jerky        |       |       |     2 |     2 |       ||     4
       Fruit             |       |       |     2 |     3 |     3 ||     8
       Pizza             |       |       |       |     1 |     1 ||     2
Armor: Robe              |    14 |    20 |    34 |   135 |    77 ||   280
       Leather armour    |       |    10 |       |       |       ||    10
Dodge: Dodged            |    26 |    76 |   139 |   484 |   276 ||  1001
       Deflected         |       |     4 |     2 |     7 |    32 ||    45
Block: Buckler           |       |       |       |    48 |    37 ||    85
       Shield            |       |       |       |       |    80 ||    80
